 Dungeon Crawl Stone Soup version 0.16-a0-787-g31dbbe7 (webtiles) character file.

471 MrRokkomies the Vexing (level 6, 0/43 HPs)
             Began as a Demonspawn Arcane Marksman on Sept 27, 2014.
             Slain by a scorpion (7 damage)
             ... on Level 4 of the Dungeon.
             The game lasted 00:22:52 (5863 turns).

MrRokkomies the Vexing (Demonspawn Arcane Marksman) Turns: 5863, Time: 00:22:53

HP   0/43        AC 10     Str 12      XL: 6   Next: 83%
MP   0/8         EV 11     Int 16      God:
Gold 187         SH  0     Dex 11      Spells:  3 memorised,  1 level left

rFire  . . .     SeeInvis .     s - -1 whip (curse)
rCold  . . .     Clarity  .     n - +0 leather armour
rNeg   . . .     rCorr    .     (no shield)
rPois  .         rRot     .     q - +1 helmet
rElec  .         Spirit   +     x - +0 cloak
SustAb .         Warding  .     (no gloves)
rMut   .         Stasis   .     (no boots)
Gourm  .                        u - amulet of guardian spirit
MR     .....                    (no ring)
                                (no ring)

@: lethally poisoned, not resistant to hostile enchantments, unstealthy
A: rough black scales 1, nightstalker 1
a: no special abilities


You were on level 4 of the Dungeon.
You were very hungry.

You visited 1 branch of the dungeon, and saw 4 of its levels.

You collected 187 gold pieces.

Inventory:

Hand weapons
 a - a +0 quarterstaff
 b - a +0 hand crossbow
 e - a +2 mace of crushing
 s - a cursed -1 whip (weapon)
 w - a +4 quarterstaff of chaos
Missiles
 c - 13 bolts
 m - 23 stones (quivered)
Armour
 n - a +0 leather armour (worn)
 q - a +1 helmet (worn)
 x - a +0 cloak (worn)
Magical devices
 h - a wand of magic darts (8)
 v - a wand of lightning (0)
 y - a wand of slowing (0)
Comestibles
 f - 3 bread rations
 p - 2 meat rations
 r - a royal jelly
Scrolls
 j - a scroll of magic mapping
 k - 2 scrolls of identify
 l - 2 scrolls of teleportation
Jewellery
 u - an amulet of guardian spirit (around neck)
Potions
 o - a potion of cure mutation
 t - 2 potions of agility {unknown}
 z - a potion of flight {unknown}
 A - a potion of beneficial mutation {unknown}
Books
 d - a book of Debilitation

   Spells                             Type                      Level
   *Corona                            Hexes                        1
   *Slow                              Hexes                        2
   *Inner Flame                       Hexes/Fire                   3
   Enslavement                        Hexes                        4
   Cause Fear                         Hexes                        4
   Leda's Liquefaction                Hexes/Earth                  4


   Skills:
 - Level 1.0 Fighting
 * Level 4.8 Crossbows
 - Level 1.7 Dodging
 - Level 1.0 Spellcasting
 * Level 5.9 Hexes


You had one spell level left.
You knew the following spells:

 Your Spells              Type           Power        Failure   Level  Hunger
a - Corona                Hex            ###....      1%          1    ##.....
b - Slow                  Hex            ###.....     3%          2    ###....
c - Inner Flame           Hex/Fire       ##......     21%         3    ####...


Dungeon Overview and Level Annotations

Branches:
Dungeon (4/15)
 Temple: D:4-7

Altars:
Gozag
Nemelex Xobeh
Zin

Shops:
D:3 *


Innate Abilities, Weirdness & Mutations

You are partially covered in rough black scales (AC +4, Dex -1).
You are slightly more attuned to the shadows.


Message History

The scorpion barely misses you.
You hit the scorpion.
The scorpion is heavily wounded.
The scorpion stings you.
* * * LOW HITPOINT WARNING * * *
You are poisoned.
The scorpion poisons you!
You hit the scorpion but do no damage.
The scorpion is heavily wounded.
You feel sick.
You closely miss the scorpion.
The scorpion is heavily wounded.
You feel sick. The scorpion closely misses you.
You hit the scorpion but do no damage.
The scorpion is heavily wounded.
The scorpion stops glowing.
The scorpion barely misses you.
You barely miss the scorpion.
The scorpion is heavily wounded.
You feel sick. The scorpion stings you!
You die...

#......# ...
#.......... #......#
... #.##.......
#......# ...
#.##....... #.#.####
... #.##....... ....#
#.# #.##.......
#.###### #s#
#.##....... .........
#.# #.##.......
#.######
#.#########.##.......
..#
#((s@....(..##.......
###
###########.##.......
###########


You could see a scorpion.

Vanquished Creatures
  2 slaves (D:4)
  An ogre (D:4)
  An orc priest (D:3)
  Crazy Yiuf (D:3)
  3 orc wizards (D:4)
  A worker ant (D:4)
  Ijyb (D:4)
  10 adders
  A giant mite (D:1)
  A worm (D:3)
  3 giant geckos
  2 oozes
  9 orcs
  4 giant cockroaches
  9 goblins
  12 hobgoblins
  3 jackals (D:4)
  10 kobolds
  A quokka (D:3)
  A ball python (D:1)
  11 bats
  4 giant newts
  7 rats
  A fungus (D:3)
99 creatures vanquished.

Notes
Turn   | Place    | Note
--------------------------------------------------------------
     0 | D:1      | MrRokkomies, the Demonspawn Arcane Marksman, began the quest for the Orb.
     0 | D:1      | Reached XP level 1. HP: 15/15 MP: 2/2
   469 | D:1      | Found a sparkling altar of Nemelex Xobeh.
   488 | D:1      | Gained mutation: You are slightly more attuned to the shadows. [demonic ancestry]
   488 | D:1      | Reached XP level 2. HP: 16/21 MP: 1/3
  1133 | D:1      | Reached XP level 3. HP: 26/26 MP: 4/4
  1544 | D:1      | Learned a level 2 spell: Slow
  2160 | D:2      | Reached skill level 4 in Hexes
  2578 | D:3      | Reached XP level 4. HP: 27/32 MP: 0/5
  2654 | D:3      | Found an opulent altar of Gozag.
  2659 | D:3      | Found Gozag's Platinum Reserve.
  3303 | D:3      | Reached XP level 5. HP: 37/37 MP: 7/7
  4026 | D:3      | Noticed Crazy Yiuf
  4050 | D:3      | Killed Crazy Yiuf
  4050 | D:3      | Reached skill level 5 in Hexes
  4321 | D:4      | Found a glowing silver altar of Zin.
  4345 | D:4      | Learned a level 3 spell: Inner Flame
  4370 | D:4      | Noticed a slave
  4370 | D:4      | Noticed a slave
  4415 | D:4      | Noticed Ijyb
  4426 | D:4      | Killed Ijyb
  4448 | D:4      | Gained mutation: You are partially covered in rough black scales (AC +4, Dex -1). [demonic ancestry]
  4448 | D:4      | Reached XP level 6. HP: 18/43 MP: 1/8
  4712 | D:4      | Noticed an ogre
  4726 | D:4      | Killed an ogre
  4793 | D:4      | Noticed a slave
  5204 | D:4      | Noticed a slave
  5209 | D:4      | Killed a slave
  5221 | D:4      | Killed a slave
  5863 | D:4      | Slain by a scorpion

Action                   |  1- 3 |  4- 6 || total
-------------------------+-------+-------++-------
Melee: Short sword       |   103 |       ||   103
       Quarterstaff      |    36 |   169 ||   205
       Whip              |       |   111 ||   111
 Fire: Hand crossbow     |    26 |    65 ||    91
Throw: Tomahawk          |     4 |     6 ||    10
 Cast: Corona            |     4 |    15 ||    19
       Slow              |     2 |     6 ||     8
Evoke: Wand              |       |    11 ||    11
  Use: Scroll            |     7 |     6 ||    13
       Potion            |       |     4 ||     4
 Stab: Sleeping          |     1 |     1 ||     2
       Distracted        |     1 |       ||     1
  Eat: Chunk             |     4 |    11 ||    15
       Beef jerky        |       |     1 ||     1
